 Seeded DCSS version 0.27.1-37-g7b29ead8ac (console) character file.

Game seed: 18074247597352881499 (custom seed)

204888 grimtooth the Lord of Darkness (level 18, -4/93 (105) HPs)
             Began as a Vampire Enchanter on July 8, 2023.
             Was the Champion of Kikubaaqudgha.
             Blown up by an orb spider (31 damage)
             ... with an orb of destruction
             ... on level 4 of the Spider Nest on July 9, 2023.
             The game lasted 04:05:43 (40823 turns).

grimtooth the Lord of Darkness (Vampire Enchanter) Turns: 40823, Time: 04:05:44

HP:   -4/93 (105)   AC: 16    Str:  8    XL:     18   Next: 40%
MP:   9/34          EV: 17    Int: 29    God:    Kikubaaqudgha [******]
Gold: 3034          SH:  8    Dex: 16    Spells: 10/41 levels left

rFire    + + .     SeeInvis +   a - +11 dagger of Talola {spect, rN+}
rCold    + + +     Faith    +   F - +2 buckler
rNeg     + + +     Spirit   .   O - +2 robe {rC+}
rPois    ∞         Reflect  .   (no helmet)
rElec    +         Harm     .   W - +1 cloak {Will+}
rCorr    .         Rampage  .   t - +2 pair of gloves
Will     ++...                  e - +2 pair of boots
Stlth    ++++++++..             d - amulet "Viosezi" {Faith Fragile +Inv rElec rF++}
HPRegen  0.00/turn              L - +4 ring of protection
MPRegen  0.24/turn              I - +6 ring of intelligence

@: very slightly contaminated, bloodless, inhibited regen, heavily drained,
invisible
A: bloodless, fangs 3, see invisible, vampiric 2
a: Bat Form, Revivify, Renounce Religion, Evoke Invisibility, Receive Corpses,
Torment, Brand Weapon With Pain, Receive Forbidden Knowledge


You were on level 4 of the Spider Nest.
You worshipped Kikubaaqudgha.
Kikubaaqudgha was exalted by your worship.
You visited 4 branches of the dungeon, and saw 27 of its levels.
You also visited: Bailey and Ice Cave.

You collected 3564 gold pieces.
You spent 530 gold pieces at shops.

Inventory:

Hand Weapons
 a - the +11 dagger of Talola (weapon) {spect, rN+}
   (You found it on level 5 of the Dungeon)

   When its wielder attacks, the weapon's spirit leaps out and strikes again.
   The spirit shares a part of any damage it takes with its wielder.
   rN:        It protects you from negative energy.
 b - the +8 short sword "Faxzurud" {speed, Will+ Dex+5 Stlth+}
   (You found it on level 6 of the Dungeon)

   Attacks with this weapon are significantly faster.
   Dex:       It affects your dexterity (+5).
   Will:      It increases your willpower.
   Stlth:     It makes you more stealthy.
Missiles
 l - 6 boomerangs
 o - 3 boomerangs of dispersal
 p - 31 poisoned darts (quivered)
 V - 9 curare-tipped darts
Armour
 e - a +2 pair of boots (worn)
 t - a +2 pair of gloves (worn)
 F - a +2 buckler (worn)
 O - a +2 robe of cold resistance (worn)
 W - a +1 cloak of willpower (worn)
Jewellery
 d - the amulet "Viosezi" (around neck) {Faith Fragile +Inv rElec rF++}
   (You found it on level 13 of the Dungeon)

   [amulet of faith]

   It allows you to gain divine favour quickly.
   rF:        It greatly protects you from fire.
   rElec:     It insulates you from electricity.
   +Inv:      It lets you turn invisible.
   Fragile:   It will be destroyed if unequipped.
 i - a ring of magical power
 u - a ring of ice
 I - a +6 ring of intelligence (right hand)
 L - a +4 ring of protection (left hand)
 S - a ring of protection from fire
 Z - a ring of poison resistance
Wands
 j - a wand of acid (6)
 n - a wand of charming (2)
 C - a wand of polymorph (16)
 G - a wand of digging (7)
 T - a wand of paralysis (18)
 Y - a wand of iceblast (19)
Scrolls
 g - 3 scrolls of vulnerability
 h - 2 scrolls of amnesia
 m - 10 scrolls of teleportation
 r - 2 scrolls of silence
 s - a scroll of fear
 w - 5 scrolls of magic mapping
 y - 7 scrolls of fog
 A - 4 scrolls of summoning
Potions
 f - 4 potions of magic
 k - 16 potions of curing
 q - 11 potions of might
 v - 3 potions of brilliance
 z - 5 potions of haste
 B - 2 potions of resistance
 H - 10 potions of flight
 J - 5 potions of cancellation
 Q - 3 potions of ambrosia
 R - 4 potions of berserk rage


   Skills:
 - Level 9.0 Fighting
 - Level 10.0 Short Blades
 - Level 9.0 Dodging
 - Level 15.0 Stealth
 - Level 6.0 Shields
 - Level 12.0 Spellcasting
 - Level 15.0 Hexes
 + Level 17.4 Necromancy
 - Level 3.0 Translocations
 - Level 9.0 Ice Magic
 - Level 9.0 Evocations


You had 10 spell levels left.
You knew the following spells:

 Your Spells              Type           Power      Damage    Failure   Level
a - Corona                Hex            90%        N/A       0%          1
b - Dazzling Flash        Conj/Hex       100%       N/A       1%          3
c - Tukima's Dance        Hex            81%        N/A       1%          3
d - Vampiric Draining     Necr           43%        2d12      0%          3
e - Ensorcelled Hibernat  Hex/Ice        100%       N/A       1%          2
k - Blink                 Tloc           N/A        N/A       1%          2
u - Dispel Undead         Necr           87%        3d28      1%          4
x - Simulacrum            Ice/Necr       38%        N/A       1%          6
z - Confusing Touch       Hex            81%        N/A       1%          3
X - Animate Dead          Necr           43%        N/A       1%          4

Your spell library contained the following spells:

 Spells                   Type           Power      Damage    Failure   Level
 Pain                     Necr           100%       1d9       0%          1
 Sublimation of Blood     Necr           43%        N/A       0%          2
 Corpse Rot               Necr/Air       N/A        N/A       1%          2
 Portal Projectile        Hex/Tloc       100%       N/A       1%          3
 Fulminant Prism          Conj/Hex       28%        3d14      1%          4
 Leda's Liquefaction      Hex/Erth       28%        N/A       1%          4
 Agony                    Necr           87%        N/A       1%          5
 Excruciating Wounds      Necr           43%        N/A       1%          5
 Lesser Beckoning         Tloc           17%        N/A       2%          3
 Beastly Appendage        Tmut           34%        N/A       3%          1
 Magic Dart               Conj           68%        1d6       3%          1
 Sting                    Tmut/Pois      68%        1d6       3%          1
 Call Imp                 Summ           17%        N/A       4%          2
 Poisonous Vapours        Pois/Air       34%        N/A       4%          2
 Wereblood                Tmut           17%        N/A       4%          2
 Call Canine Familiar     Summ           17%        N/A       9%          3
 Ignite Poison            Fire/Tmut/Pois 17%        N/A       9%          3
 Mephitic Cloud           Conj/Pois/Air  17%        N/A       9%          3
 Spider Form              Tmut/Pois      8%         N/A       9%          3
 Iskenderun's Mystic Bla  Conj/Tloc      26%        2d7       16%         4
 Infestation              Necr           43%        N/A       16%         8
 Freezing Cloud           Conj/Ice/Air   17%        6-21      24%         5
 Manifold Assault         Tloc           34%        N/A       24%         5
 Olgreb's Toxic Radiance  Pois           17%        N/A       30%         4
 Haunt                    Necr/Summ      30%        N/A       58%         7
 Bolt of Magma            Conj/Fire/Erth 8%         4d6       63%         5
 Shadow Creatures         Summ           N/A        N/A       99%         6
 Starburst                Conj/Fire      8%         6d4       99%         6
 Lehudib's Crystal Spear  Conj/Erth      8%         10d4      100%        8


Dungeon Overview and Level Annotations

Branches:
Dungeon (15/15)            Temple (0/1) D:6            Lair (6/6) D:9
  Swamp (0/4) Lair:4       Spider (4/4) Lair:2          Orc (2/2) D:12
    Elf (0/3) Orc:2        Vaults (0/5) D:13         Depths (0/5) D:15
 Bailey (visited)           IceCv (visited)
  Slime: Lair:5-6

Altars:
Ashenzari
Cheibriados
Gozag
Hepliaklqana
Kikubaaqudgha
Okawaru
Uskayaw
Beogh

Shops:
D:2 *   D:4 *   D:5 [(   D:10 (   Orc:2 ?*[:

Portals:
Abyss: Orc:1
Pandemonium: Orc:2
Trove: D:15 (give 2 scrolls of acquirement)

Annotations:
D:15 exclusion: boggart
Lair:6 exclusion: 4 oklob plants
Spider:1 2 transporters, Cumomo's ghost, adept SpEn
Spider:3 Roxanne
Orc:1 2 transporters, burt's ghost, journeyman DrCj


Innate Abilities, Weirdness & Mutations

You do not regenerate when monsters are visible.
You are frail without blood (-20% HP).
You can heal yourself when you bite living creatures.
You are immune to poison.
You have razor-sharp teeth.
You have supernaturally acute eyesight. (SInv)
You are afflicted with vampirism and can become a bat while bloodless.


Message History

The jumping spider pounces on your +11 dagger of Talola {spect, rN+}!
Your spectral weapon shares its damage with you!
The jumping spider bites your +11 dagger of Talola {spect, rN+} but does no damage.
You strike the helpless jumping spider from behind!
You perforate the jumping spider like a sieve!!!
You kill the jumping spider!
Kikubaaqudgha accepts your kill. The orb of destruction hits you!!
* * * LOW HITPOINT WARNING * * *
You feel much better.
The orb spider pulsates with a strange energy.
The orb spider weaves a glowing orb of energy.
An orb of destruction comes into view.
Press: ? - help, v - describe, . - travel, g - get item
Here: an orb of destruction (black smoke)
Items here: a jumping spider corpse; an orb spider corpse.
The floor.
Casting: Blink (safe; 1% risk of failure)
Confirm with . or Enter, or press ? or * to list all spells.
You blink.
The orb spider weaves a glowing orb of energy.
The orb of destruction moves out of view.
An orb of destruction comes into view.
You puncture the redback!
The redback is almost dead.
Your +11 dagger of Talola {spect, rN+} hits the redback.
You kill the redback!
Kikubaaqudgha accepts your kill.
The orb spider begins to weave its threads into a brightly glowing ball.
The orb of destruction hits the jumping spider!!
The jumping spider is blown up!
Press: ? - help, v - describe, . - travel
Here: an orb of destruction The floor.
Casting: Blink (safe; 1% risk of failure)
Confirm with . or Enter, or press ? or * to list all spells.
You blink.
The orb of destruction hits you!!
You die...
Kikubaaqudgha rasps: "You have failed me!
Welcome... oblivion!"

...#
##.....#...####.#
.^## #..###...### ###
### ##....#....# ###
#.......######
####### #^#
####....!^^..#
#.^...# ^.#
##..#...### #.8.8.#
### ##.#^##.# #.....#
# #####..## #.....#
#.##^# #.8.8^#
######.### #.....#
#.##.#.@.# #.....#
##.#..##○## #.8.8.#
##..^..○^##
####.....# #####..°.#
#^.......#
#.....###....8.8.#
#####^○°§...........#
#..#.#°s.###....###.#
###....s..##..≈## ###
##..#...†^##..≈≈###
#.........##..≈≈≈≈##
##.####††###..≈≈≈≈≈≈


You could see 2 orb spiders.

Vanquished Creatures
  Jorgrun (Orc:1)
  Kirke (D:12)
  2 frost giants (IceCv)
  The ghost of Sharkman1231 the Brawler, a journeyman DrTm of Ashenzari (Lair:6)
  An orc warlord (Bailey)
  5 emperor scorpions
  A ghost moth (Spider:3)
  A white draconian (IceCv)
  Azrael (D:12)
  3 dire elephants
  A minotaur (Lair:2)
  3 entropy weavers
  3 spark wasps (Spider:4)
  A fire dragon (D:13)
  The ghost of Xudgha the Protected, a journeyman MiFi of Okawaru (Lair:2)
  11 hydras
  5 ice dragons
  Harold (D:7)
  6 boulder beetles
  2 catoblepae
  8 ironbound frosthearts (IceCv)
  The ghost of pkoi the Destroyer, a journeyman DgCj (Lair:1)
  4 centaur warriors
  A two-headed ogre (D:10)
  2 tengu warriors
  2 death yaks
  4 orc high priests (Orc:2)
  Nergalle (Lair:4)
  2 skeletal warriors (D:15)
  Sonja (D:11)
  A fire crab (Lair:6)
  A flayed ghost (D:15)
  A spark wasp zombie (D:15)
  A torturous demonspawn (Orc:2)
  2 bog bodies (Lair:4)
  A lindwurm (Lair:6)
  2 spectral wolf spiders (Spider:4)
  Pikel (D:6)
  An orange crystal statue (IceCv)
  An obsidian statue (Lair:6)
  A wolf spider zombie (Spider:4)
  A shadow dragon zombie (D:15)
  A deep elf pyromancer (D:12)
  4 orc knights
  9 orb spiders
  4 necromancers
  A fire giant zombie (D:15)
  14 ugly things
  6 cyclopes
  7 orc sorcerers
  A manticore (D:13)
  A stone giant zombie (D:15)
  16 wolf spiders
  2 oklob plants (Lair:5)
  15 elephants
  2 moths of wrath
  2 dire elephant zombies (Lair:6)
  5 black mambas
  A gargoyle (D:13)
  2 torpor snails
  A spectral redback (Spider:4)
  3 unseen horrors
  A cane toad (shapeshifter) (D:13)
  10 komodo dragons
  An efreet (D:15)
  Psyche (D:10)
  12 cane toads
  14 rime drakes
  A tengu conjurer (D:15)
  A freezing wraith (D:15)
  2 hellwings (Orc:2)
  A guardian mummy (D:15)
  10 demonic crawlers
  A queen bee (Lair:6)
  5 trolls
  8 polar bears
  A meliai (shapeshifter) (D:14)
  23 jumping spiders
  A meliai (Lair:6)
  5 slime creatures (D:14)
  3 hornets
  2 spectral elephants (Lair:6)
  10 blink frogs
  12 dream sheep
  2 shadows
  2 wyverns
  36 yaks
  32 tarantellas
  A wraith (D:12)
  8 basilisks
  66 redbacks
  3 fire elementals (D:12)
  A golden eye (shapeshifter) (D:13)
  A chaos spawn (Orc:2)
  2 steam dragons
  A neqoxec (Orc:2)
  8 wargs
  Menkaure (D:5)
  5 vampire mosquitoes (D:14)
  2 death yak simulacra (Lair:6)
  2 swamp worms (Lair:4)
  9 water moccasins
  5 hell hounds (D:12)
  2 ice beasts
  3 black bears
  27 orc warriors
  A hornet zombie (Spider:4)
  A sky beast (D:6)
  3 elephant zombies (Lair:6)
  2 necrophages (D:5)
  6 ogres
  8 centaurs
  A boggart (D:15)
  21 wolves
  A lemure (D:6)
  A phantom (D:5)
  An elephant skeleton (Lair:6)
  Blork the orc (D:6)
  A gnoll sergeant (D:8)
  10 bullfrogs
  3 scorpions
  2 cane toad simulacra (Lair:6)
  2 elephant simulacra (Lair:6)
  20 killer bees
  3 wights (D:10)
  8 electric eels
  A howler monkey (D:11)
  A bullfrog zombie (D:7)
  4 centaur zombies
  2 jellies (D:6)
  A bullfrog skeleton (D:5)
  2 hounds
  22 orc priests
  Crazy Yiuf (D:4)
  A scorpion zombie (D:3)
  4 iguanas
  23 orc wizards
  6 hell rats (Lair:5)
  A killer bee zombie (D:8)
  A howler monkey zombie (D:9)
  9 adders
  22 gnolls
  2 shadow imps
  3 ufetubi
  An adder skeleton (D:3)
  3 worms
  2 dart slugs (D:2)
  66 orcs
  5 ball pythons
  5 endoplasms
  3 giant cockroaches
  20 goblins
  20 hobgoblins
  4 jackals
  3 kobolds
  3 quokkas
  4 bats
  2 frilled lizards (D:2)
  7 rats
882 creatures vanquished.

Vanquished Creatures (collateral kills)
  Louise (Spider:1)
  3 spark wasps (Spider:4)
  A dire elephant (Lair:6)
  An ice dragon (IceCv)
  3 two-headed ogres
  7 death yaks (Lair:3)
  4 orc high priests
  A spectral anaconda (Lair:6)
  An infernal demonspawn (Orc:2)
  A wizard (D:14)
  2 orb spiders (Spider:4)
  3 orc knights
  3 oklob plants (Lair:5)
  3 ugly things (IceCv)
  An orc sorcerer (Orc:2)
  2 wolf spiders (Spider:4)
  A moth of wrath (Spider:4)
  An orange demon (Orc:2)
  A black mamba (Lair:3)
  A cane toad (Lair:3)
  A redback zombie (Spider:4)
  A demonic crawler (Spider:2)
  A rime drake (IceCv)
  A meliai (Lair:6)
  A hornet (Spider:4)
  A polar bear (IceCv)
  10 tarantellas (Spider:4)
  15 redbacks
  A basilisk (Lair:3)
  A warg (Orc:2)
  16 orc warriors
  4 ogres
  3 centaurs (D:13)
  2 gnoll sergeants
  A killer bee (Lair:6)
  An electric eel (D:10)
  A gnoll shaman (D:10)
  7 orc priests (Orc:2)
  9 gnolls
  12 orcs
  4 goblins (Bailey)
  A kobold (D:3)
135 creatures vanquished.

Vanquished Creatures (others)
  A wolf spider (Spider:4)
  3 jumping spiders
  A polar bear (IceCv)
  7 dancing weapons
  6 humans (D:12)
  An orc (Orc:2)
  41 fungi
  53 plants
  6 toadstools (Lair:4)
  12 withered plants (Lair:6)
131 creatures vanquished.

Grand Total: 1148 creatures vanquished

Notes
Turn   | Place    | Note
-------+----------+-------------------------------------------
     0 | D:1      | grimtooth the Vampire Enchanter began the quest for the
                  | Orb.
     0 | D:1      | Reached XP level 1. HP: 13/13 MP: 3/3
    91 | D:1      | - unbelievable
   482 | D:1      | - cuttin it close here
   606 | D:1      | Reached XP level 2. HP: 19/19 MP: 5/5
   859 | D:1      | Learned a level 2 spell: Ensorcelled Hibernation
   943 | D:2      | Reached skill level 5 in Hexes
  1163 | D:2      | Found Fixi's General Store.
  1487 | D:2      | Gained mutation: You are afflicted with vampirism and can
                  | become a bat while bloodless. [Vampire growth]
  1487 | D:2      | Reached XP level 3. HP: 24/24 MP: 6/6
  1789 | D:3      | Reached skill level 5 in Stealth
  1796 | D:3      | Found a broken altar of Ashenzari.
  1799 | D:3      | Noticed a scorpion
  1840 | D:2      | Learned a level 3 spell: Confusing Touch
  1879 | D:3      | Reached XP level 4. HP: 17/30 MP: 7/7
  2008 | D:3      | Killed a scorpion
  2009 | D:3      | Reached XP level 5. HP: 26/35 MP: 8/8
  2732 | D:2      | Learned a level 3 spell: Tukima's Dance
  3270 | D:3      | Reached XP level 6. HP: 41/41 MP: 10/10
  3560 | D:3      | Found an opulent altar of Gozag.
  3711 | D:3      | Found an iron altar of Okawaru.
  3970 | D:4      | Noticed a two-headed ogre
  4173 | D:4      | Found a runed translucent door.
  4174 | D:4      | Noticed Crazy Yiuf
  4445 | D:4      | Found a snail-covered altar of Cheibriados.
  4547 | D:4      | Found Meakhlot's General Store.
  4722 | D:5      | Entered Level 5 of the Dungeon
  4756 | D:5      | Reached XP level 7. HP: 46/46 MP: 13/13
  4866 | D:5      | Found an ancient bone altar of Kikubaaqudgha.
  4876 | D:5      | Found Lijiavao's Weapon Boutique.
  5716 | D:5      | Identified the +11 dagger of Talola {spect, rN+}
  5809 | D:5      | Reached skill level 5 in Short Blades
  5809 | D:5      | Reached XP level 8. HP: 52/52 MP: 14/14
  5820 | D:5      | Found Xutupter's Antique Armour Shop.
  5848 | D:5      | Noticed Menkaure
  6107 | D:5      | Reached skill level 10 in Hexes
  6134 | D:5      | Killed Menkaure
  6199 | D:5      | Became a worshipper of Kikubaaqudgha
  6259 | D:6      | Found a staircase to the Ecumenical Temple.
  6407 | D:6      | Reached XP level 9. HP: 57/57 MP: 15/15
  6668 | D:6      | Noticed Blork the orc
  6950 | D:6      | Identified the +8 short sword "Faxzurud" {speed, Will+
                  | Dex+5 Stlth+}
  6981 | D:7      | Noticed Pikel
  7000 | D:6      | Killed Pikel
  7425 | D:7      | Reached skill level 10 in Stealth
  7440 | D:7      | Reached skill level 1 in Fighting
  7499 | D:7      | Noticed a +0 spear
  7499 | D:7      | Noticed a +0 spear
  7500 | D:7      | Noticed a +0 dagger
  7501 | D:7      | Noticed a +0 falchion
  7501 | D:7      | Noticed a +0 dagger
  7501 | D:7      | Noticed a +0 falchion
  7502 | D:7      | Noticed a +0 short sword
  7502 | D:7      | Noticed a +0 short sword
  7508 | D:7      | Found a hide-covered altar of Uskayaw.
  7744 | D:7      | Noticed Harold
  7931 | D:7      | Noticed a boulder beetle
  8065 | D:7      | Reached * piety under Kikubaaqudgha
  8065 | D:7      | Received a gift from Kikubaaqudgha
  8615 | D:8      | Reached XP level 10. HP: 70/70 MP: 17/17
  9054 | D:8      | Reached skill level 5 in Spellcasting
  9253 | D:9      | Noticed a two-headed ogre
  9260 | D:9      | Killed a two-headed ogre
  9468 | D:9      | Found a staircase to the Lair.
  9487 | D:9      | Reached ** piety under Kikubaaqudgha
  9509 | D:9      | Reached skill level 5 in Fighting
  9693 | D:9      | Identified 2 scrolls of acquirement
 10165 | D:10     | Entered Level 10 of the Dungeon
 10329 | D:10     | Noticed Psyche
 10457 | D:10     | Found Fimirhe's Weapon Emporium.
 10458 | D:10     | Noticed a two-headed ogre
 10471 | D:10     | Killed a two-headed ogre
 10554 | D:10     | Learned a level 3 spell: Dazzling Flash
 10558 | D:10     | Learned a level 3 spell: Vampiric Draining
 10563 | D:10     | Killed Psyche
 11204 | D:11     | Noticed a boulder beetle
 11358 | D:11     | Reached XP level 11. HP: 81/81 MP: 20/20
 11365 | D:11     | Killed a boulder beetle
 11470 | D:11     | Noticed a seven-headed hydra
 11500 | D:11     | Killed a seven-headed hydra
 11614 | D:11     | Noticed Sonja
 11617 | D:11     | Killed Sonja
 12000 | D:4      | Killed a two-headed ogre
 12073 | D:4      | Killed Crazy Yiuf
 12197 | D:6      | Killed Blork the orc
 12295 | D:7      | Killed a boulder beetle
 12355 | D:7      | Killed Harold
 12598 | D:2      | Bought a scroll of blinking for 75 gold pieces
 12598 | D:2      | Bought a scroll of magic mapping for 35 gold pieces
 12830 | Lair:1   | Entered Level 1 of the Lair of Beasts
 12860 | Lair:1   | Reached *** piety under Kikubaaqudgha
 12860 | Lair:1   | Received a gift from Kikubaaqudgha
 12861 | Lair:1   | Reached skill level 15 in Stealth
 12865 | Lair:1   | Reached skill level 15 in Hexes
 12881 | Lair:1   | Reached skill level 1 in Necromancy
 13029 | Lair:1   | Reached skill level 2 in Necromancy
 13129 | Lair:1   | Identified the +4 quarterstaff of Ynoxuot {antimagic, *Slow
                  | Will+ Int+2 Dex+10}
 13136 | Lair:1   | Reached skill level 3 in Necromancy
 13216 | Lair:1   | You fall into a shaft and drop 1 floor!
 13224 | Lair:2   | Reached skill level 4 in Necromancy
 13442 | Lair:1   | Found a runed translucent door.
 13548 | Lair:1   | Reached XP level 12. HP: 73/88 MP: 21/21
 13663 | Lair:1   | Reached skill level 5 in Necromancy
 13919 | Lair:1   | Noticed pkoi's ghost (journeyman DgCj)
 14085 | Lair:2   | Found a hole to the Spider Nest.
 14187 | Lair:2   | Reached skill level 6 in Necromancy
 14496 | Lair:2   | Reached skill level 5 in Dodging
 14650 | Lair:2   | Noticed a minotaur
 14651 | Lair:2   | Noticed Xudgha's ghost (journeyman MiFi)
 14676 | Lair:2   | Found a runed translucent gate.
 14676 | Lair:2   | Found a runed translucent gate.
 14676 | Lair:2   | Found a runed translucent gate.
 14720 | Lair:2   | Reached skill level 7 in Necromancy
 15172 | Lair:3   | Noticed a death yak
 15172 | Lair:3   | Noticed a death yak
 15294 | Lair:3   | Reached **** piety under Kikubaaqudgha
 15405 | Lair:3   | Reached skill level 8 in Necromancy
 15429 | Lair:3   | Noticed a death yak
 15429 | Lair:3   | Noticed a death yak
 15429 | Lair:3   | Noticed a death yak
 15430 | Lair:3   | Noticed a death yak
 15480 | Lair:3   | Noticed a death yak
 15482 | Lair:3   | Noticed a death yak
 15696 | Lair:4   | Noticed an eight-headed hydra
 15703 | Lair:4   | Killed an eight-headed hydra
 15704 | Lair:4   | Reached skill level 9 in Necromancy
 15906 | Lair:4   | Found the +10 Black Knight's barding {ponderous, rPois rN+}
 16312 | Lair:4   | Noticed Nergalle
 16314 | Lair:4   | Killed Nergalle
 16415 | Lair:4   | Noticed an eight-headed hydra
 16419 | Lair:4   | Reached skill level 10 in Necromancy
 16461 | Lair:4   | Killed an eight-headed hydra
 16705 | Lair:4   | Noticed a dire elephant
 16705 | Lair:4   | Noticed a catoblepas
 16718 | Lair:4   | Found a runed translucent door.
 17150 | Lair:5   | Noticed a four-headed hydra
 17204 | Lair:5   | Reached XP level 13. HP: 93/93 MP: 24/24
 17447 | Lair:5   | Identified the +5 flail "Qoxaw" {flame, SInv}
 17834 | Lair:5   | Reached skill level 11 in Necromancy
 17977 | Lair:5   | Reached ***** piety under Kikubaaqudgha
 18204 | Lair:6   | Entered Level 6 of the Lair of Beasts
 18482 | Lair:6   | Noticed Sharkman1231's ghost (journeyman DrTm)
 18505 | Lair:6   | Found a transporter.
 18508 | Lair:6   | Found a transporter.
 18508 | Lair:6   | Found the +3 pair of seven-league boots {Rampage+∞}
 18644 | Lair:6   | Reached skill level 12 in Necromancy
 19102 | Lair:6   | Noticed a dire elephant
 19117 | Lair:6   | Killed a dire elephant
 19518 | Lair:6   | Found a snail-covered altar of Cheibriados.
 19648 | Lair:6   | Noticed a dire elephant
 19648 | Lair:6   | Noticed a dire elephant
 20146 | D:12     | Found a flagged portal.
 20158 | Bailey   | Entered a bailey
 20718 | Bailey   | Noticed an orc warlord
 20730 | Bailey   | Reached ****** piety under Kikubaaqudgha
 20786 | Bailey   | Killed an orc warlord
 20787 | Bailey   | Reached skill level 1 in Ice Magic
 20889 | Bailey   | Reached XP level 14. HP: 106/106 MP: 27/27
 21146 | D:12     | Noticed Kirke
 21212 | D:12     | Killed Kirke
 21413 | D:12     | Found a staircase to the Orcish Mines.
 21777 | D:12     | Noticed Azrael
 21809 | D:12     | Killed Azrael
 21886 | Orc:1    | Entered Level 1 of the Orcish Mines
 21962 | Orc:1    | Found a transporter.
 21962 | Orc:1    | Found a one-way gate to the infinite horrors of the Abyss.
 21962 | Orc:1    | Noticed burt's ghost (journeyman DrCj)
 22116 | Orc:1    | Found a transporter.
 22222 | Orc:1    | Noticed Jorgrun
 22229 | Orc:1    | Killed Jorgrun
 22319 | Orc:1    | Noticed a starcursed mass
 22561 | Orc:1    | Reached skill level 5 in Ice Magic
 22674 | Orc:2    | Entered Level 2 of the Orcish Mines
 22775 | Orc:2    | Learned a level 6 spell: Simulacrum
 22899 | Orc:2    | Found a staircase to the Elven Halls.
 23700 | Orc:2    | Found Oteum's Magic Scroll Shop.
 23701 | Orc:2    | Found Bufire Fett's General Store.
 23994 | Orc:2    | Bought a scroll of identify for 26 gold pieces
 23994 | Orc:2    | Bought a scroll of identify for 26 gold pieces
 23994 | Orc:2    | Bought a scroll of identify for 26 gold pieces
 23994 | Orc:2    | Bought a scroll of noise for 13 gold pieces
 24060 | Orc:2    | Reached skill level 13 in Necromancy
 24276 | Orc:2    | Found Bimuttea's Book Emporium.
 24276 | Orc:2    | Found a one-way gate leading to the halls of Pandemonium.
 24276 | Orc:2    | Found Ququl's Antique Armour Shoppe.
 24458 | Orc:2    | Bought a scroll of enchant armour for 97 gold pieces
 24458 | Orc:2    | Bought a scroll of fear for 45 gold pieces
 24458 | Orc:2    | Bought a scroll of amnesia for 45 gold pieces
 24458 | Orc:2    | Bought a scroll of blinking for 97 gold pieces
 24458 | Orc:2    | Bought a scroll of magic mapping for 45 gold pieces
 24698 | Lair:1   | Killed pkoi's ghost
 24854 | Lair:3   | Reached skill level 1 in Shields
 24857 | Lair:3   | Reached skill level 14 in Necromancy
 25287 | Lair:4   | Found a staircase to the Swamp.
 25290 | Lair:4   | Reached XP level 15. HP: 113/113 MP: 28/28
 25520 | Lair:4   | Identified the +10 short sword "Pendulum" {freeze, Dex+2}
 26047 | Lair:2   | Killed Xudgha's ghost
 26048 | Lair:2   | Reached skill level 1 in Evocations
 27271 | Lair:6   | Killed Sharkman1231's ghost
 27272 | Lair:6   | Reached skill level 5 in Shields
 27315 | Lair:6   | - all right these boots gon be crazy
 27494 | Lair:6   | Reached skill level 15 in Necromancy
 27754 | D:12     | Acquired 964 gold pieces
 27860 | D:13     | - oh you can't stab!!
 27929 | D:13     | Identified the amulet "Viosezi" {Faith Fragile +Inv rElec
                  | rF++}
 28584 | D:13     | Identified the +5 broad axe of Extinguishment {chaos, rPois
                  | rN++ Int+4}
 28635 | D:13     | Reached skill level 5 in Evocations
 28641 | D:13     | Found a gate to the Vaults.
 29097 | D:14     | Got the Tome of Harmful Dark Arts
 29193 | D:14     | Found a frozen archway.
 29260 | IceCv    | Entered an ice cave
 29630 | IceCv    | - man rc++ and i am getting wrecked
 30131 | IceCv    | Reached XP level 16. HP: 51/112 MP: 3/29
 30148 | IceCv    | - this is just brutal
 30167 | IceCv    | Reached skill level 10 in Spellcasting
 30596 | IceCv    | Learned a level 4 spell: Animate Dead
 31101 | IceCv    | Reached skill level 10 in Short Blades
 31120 | IceCv    | Found the +2 Maxwell's thermic engine {flame, freeze}
 32573 | D:15     | Entered Level 15 of the Dungeon
 32573 | D:15     | Found a portal to a secret trove of treasure.
 32573 | D:15     | Found a staircase to the Depths.
 32714 | D:15     | Reached XP level 17. HP: 125/125 MP: 30/32
 33519 | D:15     | Found a hazy altar of Hepliaklqana.
 33980 | D:12     | Acquired a book of Death
 34088 | Spider:1 | Entered Level 1 of the Spider Nest
 34339 | Spider:1 | Found a transporter.
 34356 | Spider:1 | Found a transporter.
 34636 | Spider:1 | Noticed Louise
 34673 | Spider:1 | Killed Louise
 34910 | Spider:1 | You fall into a shaft and drop 1 floor!
 35088 | Spider:1 | Noticed Cumomo's ghost (adept SpEn)
 35213 | Spider:1 | Learned a level 2 spell: Blink
 35375 | Spider:2 | Reached skill level 1 in Translocations
 35655 | Spider:2 | Found a hide-covered altar of Uskayaw.
 36104 | Spider:2 | - man i want death channel
 37447 | Spider:2 | Reached XP level 18. HP: 63/105 MP: 27/34
 37959 | Spider:2 | Reached skill level 16 in Necromancy
 38367 | Spider:3 | Identified Roxanne's Papyrus of Clay
 38367 | Spider:3 | Noticed Roxanne
 39270 | Spider:4 | Entered Level 4 of the Spider Nest
 40245 | Spider:4 | Reached skill level 17 in Necromancy
 40640 | Spider:3 | Learned a level 4 spell: Dispel Undead
 40823 | Spider:4 | Blown up by an orb spider

Illustrated notes #.# #.# #.. #.# #.# .. ... ... ###.. #.# #.# ####...... #.# #.# #......... ##.## ##.###.##.....# ###.#†## #.......#.##### ...###.#######.#.......#...# ###.#..........g@....###.<.## ##.############.#..#.#....# #.# #.#..#.####.# #.# #.#..#......## #.# #.#.##.≈≈....# #.# #.#.##.≈≈....# ......# #.#..#.......# ###..## .##.#.......# #.## #.........# #. #######.### #. #.# Turn 91 on D:1: - unbelievable # .# ## # ###>##.. #.#..... #.#†#.# #..@..# #.# #######.### #.# #.........# #.. #.#####.#.# #.# # #.# #.#...... . #.# #.# ###.# # #.# #.# #.# # ######.#####.# ##.## ## #............####.#†## #. #.####.#.........###.#######. #.# #.###..#####.#.......... Turn 482 on D:1: - cuttin it close here

..##......##..........#.........#
..##.................#.#........#
..###............P...##.........#
...#.....###.###..#####.........♣
...#....#########.....#..........
.......###.###.###...............
.......##))÷#...##...............
.......##†###.#.##...............
.......##.†.#...##....#..#.......
.......#.#.#.#.#.#....####.......
..##...#..#...#.@#...#####.......
..###.©#©.#.#.#.©#©...##........♣
...#.P.#..#...#..#....###.......#
...#...#.#.#.#.#.#....###.......#
.......##...#...##.....##.......#
.......##.#.#.#.##..#.####......#
...#...##...#...##..######......♣
..P##..###.###.###..##.#.........
.....#..#########..+..###†.......
.........###.###...P.....†.......
....###...............##.P##.####


Turn 27315 on Lair:6: - all right these boots gon be crazy .............
.............# .............# #.........?....# #..............# #..............#
#..............# #.........@....# #..............# #..............#
.......<.......# ################ Turn 27860 on D:13: - oh you can't stab!! # #.
#.# ..# #.# #.# #### #d## ##..## #..### ##....# ##...###..##.# ###..#@.##..##
##...###.#.## ##.## #.#..# ### ##...# ##...## #### ##....# ##..## #### #.....#
##....#####..####....# #.......##..†.##....## #.∩.∩†.[....#.÷.....#
#........÷.###......# Turn 29630 on IceCv: - man rc++ and i am getting wrecked
...##.....## ...##......## ..#.....##..# ........###p## p. .......## #..# #.#
.......# ##.# ..# #.....## ..## #h. ##....# #..# ..# ##..## #h.###..# ####
#..##..# ##..#@.# ##.k.## ##..# #### Turn 30148 on IceCv: - this is just brutal
..###....# ^........ ..##..[^.# ................. ...##.._.###................
..^###....##...........s.^.. ..####.#.###^.........$.....
....########................ ...†.###..##........)....^..
##..........>^.............. #..#..........†..^s.
